AoeStats
← iM 我要打十个

Arena

504695293Analyzed
1v1 RM · 28d ago on Sep 6, 2026· 40m 42s· 2 players
Game mode
Random Map
Map size
Tiny (2 player)
Population
200
Speed
Normal
Resources
Standard
Victory
Conquest
Starting age
Dark Age
Ending age
Imperial Age
RankedLock teamsTeams togetherTeam positionsShared explorationLock speedFull tech treeHidden civsTurbo modeCheats
Victory
Defeat
🇺🇦 Burgundians · Ukraine
1013
+15
🇨🇳 Khmer · China
1002
-15
iM 我要打十个
0:35 Loom
1:44 Loom
3:00 Loom
5:03 Loom
5:56 Loom
11:12 Feudal Age
11:34 Feudal Age
14:39 Castle Age
12:28 Double-Bit Axe
12:41 Horse Collar
16:07 Bow Saw
16:02 Heavy Plow
20:22 Gold Mining
20:53 Loom
23:41 Devotion
28:47 Imperial Age
27:19 Bloodlines
27:09 Husbandry
27:57 Gold Shaft Mining
27:59 Wheelbarrow
27:58 Scale Barding Armor
28:04 Forging
27:45 Fletching
30:25 Chain Barding Armor
30:41 Iron Casting
29:58 Light Cavalry
31:34 Theocracy
31:29 Illumination
32:14 Plate Barding Armor
32:29 Elite Battle Elephant
33:57 Fletching
36:33 Chemistry
35:32 Murder Holes
36:16 Fortified Wall
36:12 Siege Engineers
36:26 Fortified Wall
36:36 Ballistics
37:49 Blast Furnace
38:42 Onager
40:32 Onager
BLAZE12
7:12 Double-Bit Axe
9:34 Feudal Age
10:43 Bow Saw
11:33 Horse Collar
13:50 Heavy Plow
18:04 Castle Age
20:05 Scale Barding Armor
21:47 Gold Mining
21:48 Stone Mining
23:03 Two-Man Saw
22:59 Wheelbarrow
22:11 Loom
24:14 Sanctity
26:29 Hand Cart
25:42 Cavalier
26:23 Husbandry
27:41 Chain Barding Armor
27:33 Forging
27:23 Scale Mail Armor
27:47 Redemption
32:08 Imperial Age
32:18 Chain Mail Armor
32:39 Iron Casting
31:55 Fletching
33:55 Flemish Revolution
Connection lost

Rejoining the realm…

Still unreachable

The connection could not be restored.

Session expired

The server has moved on; the page needs a fresh start.